AoeStats
← Wolf Slayer

Arena

510108649Analyzed
4v4 RM · 4d ago on Sep 29, 2026· 56m 53s· 8 players
Game mode
Random Map
Map size
Large (8 player)
Population
200
Speed
Normal
Resources
Standard
Victory
Conquest
Starting age
Dark Age
Ending age
Imperial Age
RankedLock teamsTeams togetherTeam positionsShared explorationLock speedFull tech treeHidden civsTurbo modeCheats
Victory
Defeat
🇨🇱 Teutons · Chile
1584
+13
🇬🇧 Khmer · United Kingdom
1543
+15
🇩🇪 Celts · Germany
1414
+20
🇭🇰 Spanish · Hong Kong SAR China
1404
+21
1540
-18
🇨🇳 Spanish · China
1536
-18
🇨🇳 Franks · China
1521
-18
🇦🇷 Khmer · Argentina
1448
-15
向阳花
5:31 Loom
11:11 Feudal Age
15:05 Castle Age
13:35 Double-Bit Axe
16:39 Bow Saw
17:33 Wheelbarrow
23:25 Wheelbarrow
23:51 Gold Mining
25:13 Hand Cart
26:56 Gold Shaft Mining
31:09 Imperial Age
28:33 Stone Mining
30:10 Scale Barding Armor
30:15 Forging
31:21 Chain Barding Armor
31:18 Husbandry
31:13 Cavalier
33:06 Plate Barding Armor
33:09 Iron Casting
34:55 Town Watch
35:07 Paladin
38:48 Town Patrol
39:51 Blast Furnace
38:54 Scale Mail Armor
39:02 Scale Mail Armor
42:34 Chain Mail Armor
44:05 Elite Throwing Axeman
45:08 Conscription
46:09 Light Cavalry
47:35 Caravan
49:14 Plate Mail Armor
52:17 Ballistics
52:59 Chemistry
oaihoq
10:50 Feudal Age
10:02 Loom
12:02 Double-Bit Axe
13:20 Fletching
20:56 Castle Age
20:16 Horse Collar
27:04 Imperial Age
26:11 Bow Saw
37:50 Heavy Plow
42:22 Wheelbarrow
42:31 Gold Mining
44:02 Two-Man Saw
42:32 Pikeman
43:59 Padded Archer Armor
44:01 Stone Mining
45:14 Leather Archer Armor
46:02 Chemistry
44:27 Elite Skirmisher
46:38 Ring Archer Armor
46:05 Bodkin Arrow
48:04 Halberdier
48:46 Scale Mail Armor
48:49 Bracer
49:54 Squires
50:10 Chain Mail Armor
50:06 Forging
50:54 Bombard Tower
51:23 Capped Ram
53:31 Iron Casting
53:27 Plate Mail Armor
53:33 Scale Barding Armor
54:13 Bloodlines
53:59 Light Cavalry
54:39 Husbandry
55:42 Blast Furnace
55:23 Chain Barding Armor
55:02 Hussar
56:48 Plate Barding Armor
帅气的孔
10:40 Feudal Age
13:21 Castle Age
11:12 Double-Bit Axe
12:00 Horse Collar
20:22 Husbandry
22:03 Forging
21:59 Scale Barding Armor
22:07 Forging
25:45 Wheelbarrow
26:36 Iron Casting
25:59 Gold Mining
26:43 Bloodlines
29:11 Gold Shaft Mining
30:40 Stone Mining
34:05 Imperial Age
32:47 Chain Barding Armor
34:55 Coinage
34:19 Loom
34:45 Bow Saw
34:10 Elite Battle Elephant
36:49 Blast Furnace
36:24 Plate Barding Armor
36:41 Tusk Swords
37:03 Conscription
37:41 Plate Barding Armor
37:27 Light Cavalry
38:54 Banking
38:08 Hussar
39:04 Fletching
40:50 Double Crossbow
41:40 Bodkin Arrow
42:17 Ballistics
42:58 Chemistry
42:41 Heavy Scorpion
44:17 Bracer
46:40 Elite Skirmisher
48:00 Hoardings
49:04 Padded Archer Armor
48:53 Town Watch
55:56 Hand Cart
DetectiveYemitoShumafuk
9:57 Feudal Age
10:21 Feudal Age
14:02 Castle Age
12:18 Double-Bit Axe
12:39 Horse Collar
15:02 Bow Saw
23:32 Loom
40:36 Wheelbarrow
48:24 Imperial Age
46:20 Scale Mail Armor
46:31 Forging
46:59 Squires
47:10 Forging
48:13 Chain Mail Armor
49:25 Wootz Steel
48:29 Pikeman
48:59 Arson
50:29 Plate Mail Armor
50:12 Halberdier
51:21 Gambesons
Wolf Slayer
9:33 Feudal Age
10:03 Double-Bit Axe
10:08 Horse Collar
17:48 Castle Age
16:16 Gold Mining
17:49 Scale Barding Armor
19:16 Bow Saw
19:56 Chain Barding Armor
21:14 Forging
28:49 Heavy Plow
30:34 Wheelbarrow
34:41 Imperial Age
34:32 Hand Cart
35:35 Heavy Scorpion
37:51 Chemistry
37:01 Double Crossbow
40:25 Hoardings
40:41 Siege Engineers
42:51 Ballistics
42:42 Masonry
49:24 Scale Mail Armor
52:08 Plate Barding Armor
51:36 Light Cavalry
52:29 Bloodlines
52:20 Husbandry
52:28 Hussar
54:13 Iron Casting
54:54 Gold Shaft Mining
56:19 Blast Furnace
Reibekuchen mit Schmand
10:44 Feudal Age
14:53 Castle Age
12:58 Double-Bit Axe
13:04 Horse Collar
14:09 Gold Mining
16:07 Bow Saw
21:56 Loom
27:02 Wheelbarrow
28:31 Hand Cart
31:58 Pikeman
32:33 Pikeman
36:00 Imperial Age
33:15 Town Watch
33:25 Stone Mining
34:14 Gold Shaft Mining
35:24 Scale Mail Armor
36:07 Onager
36:34 Halberdier
38:18 Forging
38:32 Chain Mail Armor
38:58 Conscription
40:55 Chemistry
42:33 Plate Mail Armor
42:38 Iron Casting
42:01 Siege Onager
42:54 Siege Engineers
44:54 Iron Casting
46:12 Masonry
45:55 Fletching
47:05 Blast Furnace
47:00 Furor Celtica
50:32 Blast Furnace
49:28 Bodkin Arrow
50:03 Masonry
50:32 Guard Tower
51:03 Ballistics
51:02 Stronghold
54:06 Man-at-Arms
54:42 Gambesons
55:47 Arson
55:24 Long Swordsman
letmebelieve
5:59 Loom
8:35 Feudal Age
9:11 Double-Bit Axe
10:43 Fletching
28:17 Castle Age
26:53 Horse Collar
27:30 Gold Mining
33:02 Imperial Age
31:16 Bow Saw
31:08 Pikeman
31:59 Squires
32:48 Scale Mail Armor
32:58 Forging
33:28 Halberdier
36:00 Iron Casting
38:26 Blast Furnace
39:52 Chain Mail Armor
43:34 Conscription
46:22 Chemistry
48:24 Wheelbarrow
48:57 Padded Archer Armor
51:15 Leather Archer Armor
54:36 Ring Archer Armor
54:23 Hand Cart
55:11 Two-Man Saw
chaukimwa1991
8:08 Loom
10:43 Feudal Age
12:41 Wheelbarrow
15:27 Castle Age
14:01 Double-Bit Axe
14:27 Stone Mining
16:01 Horse Collar
16:57 Bow Saw
23:47 Town Watch
24:22 Heavy Plow
24:46 Fletching
24:56 Padded Archer Armor
25:53 Bodkin Arrow
28:08 Padded Archer Armor
36:10 Hand Cart
35:27 Pikeman
36:23 Scale Mail Armor
36:34 Forging
40:39 Imperial Age
38:24 Squires
40:24 Chain Mail Armor
40:44 Iron Casting
42:04 Plate Mail Armor
41:56 Conscription
41:31 Halberdier
41:39 Halberdier
46:43 Blast Furnace
45:44 Bracer
46:42 Husbandry
46:53 Bloodlines
48:00 Leather Archer Armor
49:23 Chemistry
48:43 Ballistics
47:59 Light Cavalry
49:35 Supremacy
49:47 Gold Mining
50:32 Stone Shaft Mining
52:05 Scale Barding Armor
52:31 Ring Archer Armor
52:48 Hussar
56:03 Chain Barding Armor
58:07 Two-Man Saw
Connection lost

Rejoining the realm…

Still unreachable

The connection could not be restored.

Session expired

The server has moved on; the page needs a fresh start.